 Dungeon Crawl Stone Soup version 0.28.0-43-g3370ac3207 (webtiles) character file.

Game seed: 985654523724600970

77 terff the Skirmisher (level 4, -3/36 HPs)
             Began as a Human Fighter on Mar 30, 2022.
             Slain by a goblin
             ... wielding a +0 club
             ... led by Robin
              (4 damage)
             ... on level 2 of the Dungeon.
             The game lasted 00:02:14 (1828 turns).

terff the Skirmisher (Human Fighter)                Turns: 1828, Time: 00:02:15

Health: -3/36      AC: 10    Str: 17    XL:     4   Next: 58%
Magic:  4/4        EV:  6    Int:  8    God:
Gold:   147        SH:  5    Dex: 14    Spells: 3/3 levels left

rFire   . . .      SeeInvis .   a - +0 flail
rCold   . . .      Faith    .   c - +0 buckler
rNeg    . . .      Spirit   .   j - +0 chain mail
rPois   .          Reflect  .   (no helmet)
rElec   .          Harm     .   f - +0 cloak
rCorr   .          Rampage  .   (no gloves)
Will    .....                   (no boots)
Stlth   ..........              h - amulet of the acrobat
HPRegen 0.12/turn               (no ring)
MPRegen 0.09/turn               (no ring)

@: no status effects
A: no striking features
a: no special abilities


You were on level 2 of the Dungeon.
You visited 1 branch of the dungeon, and saw 2 of its levels.

You collected 147 gold pieces.

Inventory:

Hand Weapons
 a - a +0 flail (weapon)
Armour
 b - a +0 scale mail
 c - a +0 buckler (worn)
 f - a +0 cloak (worn)
 j - a +0 chain mail (worn)
Jewellery
 g - an amulet of faith
 h - an amulet of the acrobat (around neck)
Scrolls
 e - a scroll of identify {unknown}
Potions
 d - a potion of might
 i - a potion of haste {unknown}


   Skills:
 + Level 3.6 Fighting
 + Level 3.0 Maces & Flails
 + Level 3.5 Armour
 + Level 0.1 Dodging
 + Level 0.1 Stealth
 + Level 3.3 Shields


You had 3 spell levels left.
You didn't know any spells.
Your spell library contained the following spells:

 Spells                   Type           Power      Damage    Failure   Level
 Sting                    Tmut/Pois      0%         1d3       100%        1
 Poisonous Vapours        Pois/Air       0%         N/A       100%        2
 Olgreb's Toxic Radiance  Pois           0%         N/A       100%        4


Dungeon Overview and Level Annotations

Branches:
Dungeon (2/15)

Altars:


Message History

You barely miss the hobgoblin. The goblin hits you but does no damage.
The hobgoblin closely misses you.
You closely miss the hobgoblin. The goblin barely misses you.
The hobgoblin hits you but does no damage.
You block the goblin's attack.
You barely miss the hobgoblin. The hobgoblin barely misses you.
You block the goblin's attack.
You closely miss the hobgoblin. The hobgoblin closely misses you.
The goblin hits you but does no damage.
The hobgoblin hits you but does no damage.
You hit the hobgoblin.
The hobgoblin is moderately wounded.
The goblin hits you with a +0 club. The hobgoblin hits you.
Unknown command.
You hit the hobgoblin.
The hobgoblin is heavily wounded.
The goblin hits you with a +0 club. You block the hobgoblin's attack.
The goblin hits you but does no damage.
You closely miss the hobgoblin.
The hobgoblin is heavily wounded.
The hobgoblin barely misses you. The goblin completely misses you.
You hit the hobgoblin.
You kill the hobgoblin!
The goblin barely misses you.
You sock Robin!
Robin is heavily wounded.
The goblin hits you with a +0 club.
* * * LOW HITPOINT WARNING * * *
Robin hits you with a +0 whip.
* * * LOW HITPOINT WARNING * * *
The goblin completely misses you. You block Robin's attack.
You hit Robin.
Robin is almost dead.
The goblin hits you with a +0 club.
* * * LOW HITPOINT WARNING * * *
Robin hits you but does no damage.
You sock Robin!
You kill Robin!
The goblin hits you with a +0 club.
You die...

...#
########.#.#
..##
########.#.#
.##
..........(#
..#
########.###
#..# #.#
#..# #.# .##
#.# # #g# .
#@# ... #)#
⌠≈⌠g.##)#
..⌠.g...#
#.gg###.# #.
#.# #.. ###


You could see a goblin (strong).

Vanquished Creatures
  Robin (D:2)
  3 adders (D:2)
  A dart slug (D:1)
  5 bats
  An endoplasm (D:1)
  A giant cockroach (D:2)
  10 goblins
  4 hobgoblins
  4 kobolds (D:1)
  3 quokkas
  5 ball pythons
  3 frilled lizards
  3 rats
44 creatures vanquished.

Vanquished Creatures (others)
  5 fungi
  A plant (D:2)
  4 toadstools (D:1)
10 creatures vanquished.

Grand Total: 54 creatures vanquished

Notes
Turn   | Place    | Note
-------+----------+-------------------------------------------
     0 | D:1      | terff the Human Fighter began the quest for the Orb.
     0 | D:1      | Reached XP level 1. HP: 18/18 MP: 1/1
   422 | D:1      | Reached XP level 2. HP: 23/24 MP: 2/2
   710 | D:1      | Reached XP level 3. HP: 25/29 MP: 3/3
  1326 | D:2      | Reached XP level 4. HP: 19/35 MP: 4/4
  1786 | D:2      | Noticed Robin
  1827 | D:2      | HP: 1/36 [goblin/+0 club[Robin] (6)]
  1828 | D:2      | Killed Robin
  1828 | D:2      | Slain by a goblin

Illustrated notes

Levels and vault maps discovered:
D:1:      wander_arrival_peaceful_grave, layout_basic, minmay_gold_behind_fungi
D:2:      layout_loops_ring, shapermc_ecumenical_altar_acropolis, uniq_robin

Skill      XL: |  1  2  3  4 |
---------------+-------------+-----
Maces & Flails | 3 |  3.0
Fighting       | |  3.6
Armour         | |  3.5
Dodging        | |  0.1
Stealth        | |  0.1
Shields        | |  3.3

Action                   |  1- 3 |  4- 6 || total
-------------------------+-------+-------++-------
Melee: Flail             |   108 |    52 ||   160
Armor: Scale mail        |    43 |       ||    43
       Chain mail        |    22 |    32 ||    54
Dodge: Dodged            |    57 |    25 ||    82
Block: Buckler           |    33 |    18 ||    51
